Map: 블랙핑크 - 래더

Players

Classic - Winner!

  • Race: Protoss Protoss
  • League: Master
  • Spawn Location: 1:00

soO

  • Race: Zerg Zerg
  • League: Grandmaster
  • Spawn Location: 7:00

VOD

Have the link to the VOD?

Description

Time

  • Played on: Dec. 23, 2017, 3:15 a.m.
  • Length: 9:54
Show
View Real Time Build Order
Export as new Build Order

Classic Protoss - Winner!

Build Orders: 1 Gate Expand, Oracle Opening, Phoenix Opening, Zealot Archon, Archon Drop 

Get SALT Encoding   

  12  0:00  Probe  
  13  0:12  Probe  
  14  0:19  Pylon  
  14  0:24  Probe  
  15  0:37  Probe (Chrono Boost)  
  16  0:44  Gateway  
  16  0:46  Probe (Chrono Boost)  
  16  0:47  Assimilator  
  17  0:52  Probe (Chrono Boost)  
  18  1:03  Probe  
  19  1:16  Probe  
  20  1:24  Nexus  
  20  1:28  Probe  
  21  1:38  Cybernetics Core  
  21  1:42  Probe  
  22  1:48  Assimilator  
  22  1:52  Pylon  
  22  1:56  Probe  
  23  2:10  Probe (Chrono Boost)  
  23  2:14  Stalker  
  23  2:15  Warp Gate  
  27  2:23  Probe (Chrono Boost)  
  27  2:29  Probe (Chrono Boost)  
  28  2:31  Stargate  
  28  2:36  Probe (Chrono Boost)  
  29  2:39  Probe (Chrono Boost)  
  30  2:44  Adept  
  30  2:47  Probe (Chrono Boost)  
  30  2:48  Probe (Chrono Boost)  
  34  2:53  Probe x2 (Chrono Boost)  
  36  2:59  Gateway  
  36  3:03  Probe x2  
  38  3:12  Oracle (Chrono Boost)  
  38  3:15  Probe x2  
  43  3:20  Pylon  
  43  3:22  Adept  
  45  3:27  Probe  
  45  3:31  Assimilator  
  46  3:34  Assimilator  
  46  3:38  Pylon, Probe  
  46  3:39  Probe  
  48  3:44  Phoenix  
  50  3:50  Probe  
  50  3:52  Probe  
  50  3:53  Twilight Council  
  52  4:04  Probe  
  52  4:05  Probe  
  52  4:06  Robotics Facility  
  54  4:16  Probe  
  54  4:17  Probe  
  53  4:26  Gateway  
  53  4:27  Gateway  
  53  4:30  Charge (Chrono Boost)  
  53  4:33  Pylon  
  53  4:37  Gateway  
  53  4:38  Gateway  
  53  4:42  Templar Archives  
  53  4:47  Zealot  
  53  4:48  Zealot  
  53  4:51  Warp Prism (Chrono Boost)  
  59  5:08  Zealot x2  
  63  5:15  Nexus  
  63  5:18  Pylon  
  63  5:29  High Templar x2  
  63  5:30  High Templar  
  63  5:33  Archon  
  63  5:35  Pylon  
  69  5:36  Zealot, High Templar  
  69  5:37  Pylon, Zealot  
  69  5:40  Archon  
  75  5:45  Pylon, Probe x2  
  75  5:46  Observer  
  78  6:01  Zealot x2  
  78  6:03  Zealot x3  
  88  6:09  Zealot  
  90  6:16  Forge  
  90  6:25  Zealot x5  
  94  6:31  Zealot  
  76  6:43  Immortal (Chrono Boost)  
  76  6:44  Probe  
  76  6:45  Probe x2  
  71  6:48  High Templar  
  71  6:49  Zealot, High Templar x3  
  71  6:50  Protoss Ground Weapons Level 1 (Chrono Boost)  
  71  6:54  Zealot, Archon x2  
  71  7:01  Probe  
  71  7:02  Probe  
  71  7:12  Immortal (Chrono Boost)  
  74  7:17  Probe  
  74  7:18  Probe x2  
  74  7:21  Zealot x3  
  83  7:24  High Templar x2  
  83  7:25  Zealot, Psionic Storm  
  83  7:28  Archon  
  89  7:30  Assimilator  
  89  7:31  Probe x2  
  89  7:32  Assimilator, Probe  
  92  7:37  Pylon  
  92  7:45  Probe x3  
  92  7:49  Immortal (Chrono Boost)  
  95  7:57  Probe x3  
  102  8:01  Zealot  
  102  8:02  Zealot, High Templar  
  108  8:09  Probe x3  
  108  8:10  Pylon  
  111  8:15  High Templar  
  111  8:19  Photon Cannon  
  113  8:20  Warp Prism (Chrono Boost)  
  113  8:21  Pylon  
  113  8:22  High Templar  
  117  8:32  Gateway  
  117  8:34  Pylon  
  117  8:36  Gateway  
  117  8:38  High Templar  
  119  8:47  Photon Cannon  
  119  8:48  Zealot x2, Pylon  
  119  8:50  Zealot  
  126  8:56  Observer (Chrono Boost)  
  126  8:57  Zealot x2  
  130  9:11  Zealot  
  130  9:14  Zealot  
  133  9:19  Zealot  
  133  9:20  Zealot  
  133  9:24  Zealot x2  
  138  9:29  Archon x2  
  124  9:31  Zealot  
  124  9:37  Zealot  
  118  9:41  Zealot x4  
  118  9:45  Zealot x2  
Show
View Real Time Build Order
Export as new Build Order

soO Zerg 

Build Orders: Hatch First 

Get SALT Encoding   

  12  0:01  Drone  
  13  0:12  Overlord  
  13  0:16  Drone  
  14  0:30  Drone x2  
  14  0:33  Drone  
  17  0:50  Hatchery  
  17  0:53  Drone  
  17  0:56  Drone  
  18  1:07  Extractor  
  17  1:11  Spawning Pool  
  17  1:14  Drone  
  17  1:17  Drone  
  18  1:27  Drone  
  19  1:39  Drone  
  20  1:49  Overlord  
  20  1:57  Queen  
  22  2:01  Queen  
  22  2:02  Zergling x2  
  22  2:03  Drone  
  22  2:08  Metabolic Boost  
  26  2:12  Drone  
  26  2:13  Drone  
  28  2:20  Drone  
  29  2:29  Drone  
  30  2:33  Hatchery  
  30  2:35  Drone  
  30  2:39  Drone  
  31  2:44  Overlord  
  31  2:55  Drone x2  
  31  2:56  Queen  
  35  2:58  Drone  
  36  3:06  Zergling x6  
  36  3:10  Drone x2  
  36  3:11  Overlord  
  41  3:16  Drone  
  42  3:25  Overlord  
  42  3:26  Drone x2  
  44  3:32  Drone x2  
  46  3:38  Drone x3  
  49  3:41  Drone x3  
  49  3:44  Queen  
  49  3:46  Drone  
  56  3:48  Drone  
  56  3:50  Lair  
  56  3:52  Drone  
  57  3:56  Queen  
  57  4:00  Extractor  
  57  4:01  Extractor  
  57  4:02  Drone x2  
  59  4:13  Drone x3  
  60  4:18  Drone x3  
  60  4:21  Drone x2  
  60  4:22  Drone x2  
  60  4:24  Overlord  
  66  4:29  Spore Crawler  
  66  4:30  Extractor  
  64  4:34  Spore Crawler x2  
  64  4:35  Drone x2  
  64  4:39  Drone  
  64  4:41  Overlord  
  64  4:42  Drone  
  64  4:44  Drone  
  67  4:47  Overlord  
  67  4:49  Hydralisk Den  
  67  4:51  Overlord  
  66  4:54  Overlord  
  66  4:57  Overlord  
  66  4:58  Overlord  
  66  5:05  Drone x2  
  68  5:13  Drone x2  
  70  5:18  Muscular Augments  
  70  5:19  Hydralisk x5  
  79  5:24  Drone x3  
  83  5:28  Drone x3  
  83  5:32  Hydralisk x2  
  83  5:34  Overseer  
  89  5:39  Drone x4  
  93  5:47  Drone, Extractor  
  93  5:49  Spire  
  92  5:50  Drone  
  92  5:51  Drone  
  92  5:53  Extractor  
  92  5:54  Evolution Chamber  
  92  5:56  Zergling x8  
  96  6:00  Hydralisk x2  
  96  6:01  Zergling x2  
  96  6:03  Zergling x2  
  102  6:06  Hydralisk  
  102  6:07  Zergling x4  
  102  6:08  Hydralisk x2  
  107  6:11  Hydralisk  
  107  6:12  Zergling x2  
  107  6:13  Zergling x2  
  107  6:17  Hydralisk  
  112  6:18  Hydralisk x2  
  112  6:24  Hydralisk  
  112  6:25  Hydralisk  
  104  6:27  Hydralisk  
  95  6:32  Hydralisk  
  95  6:37  Hydralisk  
  74  6:44  Zergling x4  
  74  6:45  Zergling x2, Queen  
  74  6:46  Zergling x4  
  70  6:48  Hydralisk  
  64  6:55  Hydralisk  
  64  6:56  Zergling x2  
  64  7:01  Zergling x2, Queen  
  66  7:03  Drone  
  66  7:05  Queen  
  66  7:06  Drone  
  72  7:11  Hydralisk  
  72  7:15  Drone  
  75  7:17  Hydralisk  
  75  7:21  Drone  
  78  7:28  Drone x2  
  80  7:32  Overlord  
  80  7:33  Zerg Missile Weapons Level 1  
  80  7:38  Drone  
  80  7:43  Hydralisk  
  80  7:44  Hydralisk  
  81  7:46  Drone  
  86  7:52  Hydralisk x2  
  86  7:56  Hydralisk  
  90  8:02  Hydralisk  
  90  8:03  Hydralisk  
  93  8:07  Hydralisk  
  93  8:11  Hydralisk  
  97  8:15  Hydralisk  
  97  8:16  Zergling x4  
  97  8:17  Zergling x2  
  102  8:20  Hydralisk  
  102  8:21  Zergling x6  
  102  8:23  Hydralisk  
  102  8:24  Hydralisk  
  111  8:27  Hydralisk  
  111  8:29  Hatchery  
  111  8:33  Hydralisk  
  114  8:37  Drone x2  
  116  8:42  Hydralisk x2  
  116  8:46  Hydralisk  
  122  8:51  Overlord  
  122  8:52  Overlord  
  122  8:57  Overlord  
  122  9:02  Overlord  
  122  9:07  Overlord  
  122  9:10  Hydralisk x4  
  122  9:14  Hydralisk  
  122  9:15  Hydralisk  
  132  9:18  Hydralisk  
  132  9:19  Hydralisk  
  130  9:24  Hydralisk  
  130  9:26  Hydralisk  
  130  9:28  Hydralisk  
  130  9:31  Zergling x2  
  105  9:34  Zergling x2  
Tags
 
Add a new tag
Caveats
  • Supply blocks, unpowered buildings, or Contaminate may cause inaccurate times.
  • Supply counts are checked every 10 seconds.